AoeStats
← Vanilla

Arabia

510560542Analyzed
1v1 RM · 20h ago on Oct 1, 2026· 67m 40s· 2 players
Game mode
Random Map
Map size
Tiny (2 player)
Population
200
Speed
Normal
Resources
Standard
Victory
Conquest
Starting age
Dark Age
Ending age
Imperial Age
RankedLock teamsTeams togetherTeam positionsShared explorationLock speedFull tech treeHidden civsTurbo modeCheats
Victory
Defeat
🇺🇸 Poles · United States
1035
+17
🇨🇳 Japanese · China
1063
-17
Vanilla
9:44 Feudal Age
10:35 Loom
10:42 Double-Bit Axe
10:49 Man-at-Arms
11:34 Arson
14:17 Loom
14:19 Horse Collar
18:38 Fletching
26:58 Castle Age
25:12 Padded Archer Armor
28:00 Thumb Ring
28:28 Elite Skirmisher
30:00 Bodkin Arrow
32:12 Leather Archer Armor
32:11 Town Watch
36:03 Bow Saw
36:25 Husbandry
36:26 Gold Mining
37:00 Bloodlines
38:29 Gold Shaft Mining
39:08 Wheelbarrow
40:18 Ballistics
46:23 Stone Mining
49:12 Imperial Age
51:48 Bracer
52:18 Ring Archer Armor
54:19 Conscription
54:11 Scale Mail Armor
54:21 Forging
53:37 Elite Samurai
55:31 Chain Mail Armor
55:04 Gambesons
55:20 Squires
54:45 Elite Samurai
56:26 Iron Casting
57:08 Plate Mail Armor
62:15 Plate Mail Armor
62:45 Blast Furnace
IamFarmer
2:53 Loom
10:39 Feudal Age
11:29 Double-Bit Axe
16:16 Fletching
17:56 Padded Archer Armor
27:36 Castle Age
25:45 Gold Mining
25:40 Horse Collar
26:10 Stone Mining
26:37 Scale Barding Armor
27:38 Crossbowman
28:16 Bodkin Arrow
29:10 Bloodlines
32:08 Leather Archer Armor
34:36 Wheelbarrow
33:47 Town Watch
34:22 Bow Saw
34:40 Chain Barding Armor
34:51 Husbandry
35:09 Forging
38:50 Elite Skirmisher
40:41 Iron Casting
47:28 Imperial Age
46:52 Ballistics
47:37 Scale Mail Armor
47:59 Hand Cart
48:35 Conscription
48:56 Hoardings
49:22 Onager
51:03 Bracer
52:24 Chemistry
54:25 Siege Engineers
55:29 Town Patrol
55:47 Masonry
55:18 Treadmill Crane
56:15 Elite Obuch
57:15 Chain Mail Armor
58:00 Blast Furnace
57:37 Cavalier
59:57 Plate Mail Armor
63:09 Arbalester
64:31 Thumb Ring
Connection lost

Rejoining the realm…

Still unreachable

The connection could not be restored.

Session expired

The server has moved on; the page needs a fresh start.